 Dungeon Crawl Stone Soup version 0.29-a0-477-g62b78b4225 (webtiles) character file.

Game seed: 11621417489996205556

21 Sabo the Insei (level 2, 18/18 HPs)
             Began as an Octopode Transmuter on May 25, 2022.
             Was a Follower of Zin.
             Got out of the dungeon alive.
             The game lasted 00:05:14 (1259 turns).

Sabo the Insei (Octopode Transmuter)                Turns: 1259, Time: 00:05:15

Health: 18/18      AC:  1    Str:  9    XL:     2   Next: 83%
Magic:  5/5        EV: 13    Int: 15    God:    Zin [*.....]
Gold:   16         SH:  0    Dex: 12    Spells: 4/5 levels left

rFire   . . .      SeeInvis .     - Unarmed
rCold   . . .      Faith    .   (no shield)
rNeg    . . .      Spirit   .   (helmet restricted)
rPois   .          Reflect  .   (no amulet)
rElec   .          Harm     .   (no ring)
rCorr   .          Rampage  .   (no ring)
Will    .....                   (no ring)
Stlth   ++........              (no ring)
HPRegen 0.06/turn               (no ring)
MPRegen 0.09/turn               (no ring)
                                (no ring)
                                (no ring)

@: no status effects
A: almost no armour, amphibious, 8 rings, camouflage 1, gelatinous body 1,
(nimble swimmer 1), tentacles
a: Renounce Religion, Recite, Donate Gold


You escaped.
You worshipped Zin.
Zin was aware of your devotion.
You visited 1 branch of the dungeon, and saw 1 of its levels.

You collected 17 gold pieces.
You donated 1 gold pieces to Zin.

Inventory:

Scrolls
 b - a scroll of vulnerability {unknown}
 d - 3 scrolls of teleportation {unknown}
 e - a scroll of noise {unknown}
 h - a scroll of blinking {unknown}
Potions
 a - a potion of lignification
 c - a potion of ambrosia {unknown}
 f - 5 potions of curing {unknown}
 g - a potion of might {unknown}
 i - a potion of heal wounds {unknown}


   Skills:
 + Level 1.0 Fighting
 + Level 2.1 Dodging
 + Level 0.4 Stealth
 + Level 3.5 Unarmed Combat
 + Level 2.1 Spellcasting
 + Level 2.2 Transmutations


You had 4 spell levels left.
You knew the following spells:

 Your Spells              Type           Power      Damage    Failure   Level
a - Beastly Appendage     Tmut           16%        N/A       9%          1

Your spell library contained the following spells:

 Spells                   Type           Power      Damage    Failure   Level
 Wereblood                Tmut           8%         N/A       13%         2
 Spider Form              Tmut/Pois      5%         N/A       38%         3
 Ice Form                 Ice/Tmut       5%         N/A       80%         4


Dungeon Overview and Level Annotations

Branches:
Dungeon (1/15)

Altars:
Zin


Innate Abilities, Weirdness & Mutations

You cannot wear most types of armour.
You are amphibious.
You can wear up to eight rings at the same time.
Your skin changes colour to match your surroundings (Stealth+).
Your rubbery body absorbs attacks. (AC +1, EV +1)
((You are camouflaged when in or above water. (Stealth+)))
You have tentacles for arms and can constrict up to eight enemies at once.


Message History

[Y]es or [N]o only, please.
Casting this spell will place you under penance.
Really cast? [Y]es or [N]o only, please.
Casting this spell will place you under penance.
Really cast? [Y]es or [N]o only, please.
Casting this spell will place you under penance.
Really cast? [Y]es or [N]o only, please.
Casting this spell will place you under penance.
Really cast? [Y]es or [N]o only, please.
Casting this spell will place you under penance.
Really cast? [Y]es or [N]o only, please.
Casting this spell will place you under penance.
Really cast? [Y]es or [N]o only, please.
Casting this spell will place you under penance.
Really cast?
Okay, then.
You tentacle-slap the goblin. Your grab misses the goblin.
You squeeze the goblin.
You kill the goblin!
You see here a +1 dagger of protection.
You see here a +1 dagger of protection.
You see here a +1 dagger of protection.
As you open the door, it creaks loudly!
A goblin comes into view. It is wielding a +0 dagger.
The goblin shouts!
You tentacle-slap the goblin.
You kill the goblin!
You see here a +0 dagger.
There is an open door here.
You open the door.
There is an open door here.
You see here a +0 club.
There is a stone staircase leading down here.
You open the door.
There is an open door here.
You open the door.
There is an open door here.
There is an open door here.
There is a staircase leading out of the dungeon here.
Are you sure you want to leave the Dungeon?
This will make you lose the game!
You have escaped!

#.# #.......# #.#
#.......# ##.##
#.......#
##...###
#.......#
#......#
####.####
##...#.# #####.#
#####'####.....#
#≈≈≈≈≈≈≈#######
#≈#≈@≈#≈#
#≈###≈#≈#
##≈≈≈≈≈≈#
#≈###############
###
##≈≈≈#..'.......#
#..
#≈##≈##.#..####.#
#.# ########
#.##....##.# #
#.# #......##
#'########.####.#
#.#
###..†....###.##
#........#.# #.#


There were no monsters in sight!

Vanquished Creatures
  2 endoplasms (D:1)
  A giant cockroach (D:1)
  6 goblins (D:1)
  A quokka (D:1)
  3 ball pythons (D:1)
  4 kobolds (D:1)
17 creatures vanquished.

Notes
Turn   | Place    | Note
-------+----------+-------------------------------------------
     0 | D:1      | Sabo the Octopode Transmuter began the quest for the Orb.
     0 | D:1      | Reached XP level 1. HP: 13/13 MP: 3/3
   310 | D:1      | Reached XP level 2. HP: 17/18 MP: 3/5
  1040 | D:1      | Found a faded altar of an unknown god.
  1044 | D:1      | Prayed at the altar of an unknown god.
  1044 | D:1      | Became a worshipper of Zin the Law-Giver
  1044 | D:1      | Reached * piety under Zin
  1259 | D:$      | Got out of the dungeon alive.

Illustrated notes

Levels and vault maps discovered:
D:1:      ncdulo_wetmaze, layout_loops_corners,
          shapermc_ecumenical_altar_mp_vishouse

Action                   || total
-------------------------++-------
Melee: Unarmed           ||    32
       Constrict         ||    10
       Tentacles         ||     8
       Kick              ||     3
       Punch             ||     1
 Cast: Beastly Appendage ||    10
 Stab: Sleeping          ||     2
Armor: Skin              ||     3
Dodge: Dodged            ||    15

Table legend: (Time is in decaauts)
 A = Elapsed time spent in this place.
 B = Non-inter-level travel time spent in this place.
 C = Inter-level travel time spent in this place.
 D = Time resting spent in this place.
 E = Time spent auto-exploring this place.
 F = Levels seen in this place.
 G = Mean time per level.
                   A        B        C        D        E       F      G
               +--------+--------+--------+--------+--------+-----+--------+
         Total |   1257 |   1257 |      0 |    337 |      0 |   1 | 1257.0 |
       Dungeon |   1257 |   1257 |      0 |    337 |      0 |   1 | 1257.0 |
               +--------+--------+--------+--------+--------+-----+--------+

Top non-repeatable levels by time:
     D:1: 1257 daAuts
